| TOP OF THE 1ST |
|
Lehigh Valley IronPigs batting - Pitching for Albuquerque Isotopes : RHP Paulo Guincho
|
|
Pitching: RHP Paulo Guincho
|
|
|
Batting: LHB Theodore Conboy
|
0-0: Ball 1-0: Ball 2-0: Called Strike 2-1: Foul Ball, location: 2F 2-2: Foul Ball, location: 2F 2-2: Ball 3-2: Fly out, F7 (Flyball, 7, EV 80.0 MPH)
|
|
Batting: RHB Alberto Ramirez
|
0-0: Swinging Strike 0-1: Ball 1-1: Fly out, F9 (Flyball, 9D, EV 99.4 MPH)
|
|
Batting: RHB Carlos Morejon
|
0-0: Ball 1-0: Foul Ball, location: 2F 1-1: Swinging Strike 1-2: Ball 2-2: Strikes out swinging
|
| Top of the 1st over - 0 runs, 0 hits, 0 errors, 0 left on base; Lehigh Valley 0 - Albuquerque 0 |
| BOTTOM OF THE 1ST |
|
Albuquerque Isotopes batting - Pitching for Lehigh Valley IronPigs : RHP Georgs Felitti
|
|
Pitching: RHP Georgs Felitti
|
|
|
Batting: LHB Alfredo de la Cruz
|
0-0: Swinging Strike 0-1: Ball 1-1: Called Strike 1-2: Ball 2-2: Strikes out swinging
|
|
Batting: RHB Eddie McCoy
|
0-0: Ball 1-0: Fly out, F4 (Line Drive, 4, EV 75.0 MPH)
|
|
Batting: RHB Adrian Rudkilde
|
0-0: Ball 1-0: Ball 2-0: Ball 3-0: Base on Balls
|
|
Batting: RHB Chris King
|
0-0: Ball 1-0: Ball 2-0: Foul Ball, location: 2F 2-1: Ground out 4-3 (Groundball, 4MS, EV 88.8 MPH)
|
| Bottom of the 1st over - 0 runs, 0 hits, 0 errors, 1 left on base; Lehigh Valley 0 - Albuquerque 0 |
| TOP OF THE 2ND |
|
Lehigh Valley IronPigs batting - Pitching for Albuquerque Isotopes : RHP Paulo Guincho
|
|
Batting: LHB Josh George
|
0-0: Swinging Strike 0-1: Called Strike 0-2: Ball 1-2: Ball 2-2: SINGLE (Line Drive, 34, EV 100.0 MPH)
|
|
Batting: RHB Victor Arroyo
|
0-0: Ball 1-0: Ball 2-0: SINGLE (Groundball, 56D, EV 105.0 MPH) Josh George to second
|
|
Batting: RHB Mark Schultz
|
0-0: Foul Ball, location: 2F 0-1: Ball 1-1: Fly out, F9 (Flyball, 9S, EV 82.5 MPH)
|
|
Batting: SHB Benjamin Brown
|
0-0: Foul Ball, location: 2F 0-1: Ball 1-1: Ball 2-1: Foul Ball, location: 2F 2-2: Foul Ball, location: 2F 2-2: Foul Ball, location: 2F 2-2: Ball 3-2: Strikes out swinging
|
|
Batting: SHB Marco de Leon
|
0-0: Foul Ball, location: 2F 0-1: Ball 1-1: Called Strike 1-2: Ball 2-2: Fly out, F8 (Flyball, 8RD, EV 82.5 MPH)
|
| Top of the 2nd over - 0 runs, 2 hits, 0 errors, 2 left on base; Lehigh Valley 0 - Albuquerque 0 |
| BOTTOM OF THE 2ND |
|
Albuquerque Isotopes batting - Pitching for Lehigh Valley IronPigs : RHP Georgs Felitti
|
|
Batting: LHB Gabe Harvey
|
0-0: Called Strike 0-1: Foul Ball, location: 2F 0-2: Foul Ball, location: 2F 0-2: SOLO HOME RUN (Flyball, 9D, EV 96.9 MPH), Distance : 393 ft
|
|
Batting: LHB Chad Persaud
|
0-0: Ball 1-0: Ball 2-0: Ball 3-0: Foul Ball, location: 2F 3-1: Base on Balls
|
|
Batting: LHB Adam Hill
|
0-0: Ball 1-0: Ball 2-0: Called Strike 2-1: Grounds into double play, 3-6-1 (Groundball, 3, EV 105.6 MPH)
|
|
Batting: RHB Ben Taylor
|
0-0: Ball 1-0: Ground out 5-3 (Groundball, 56S, EV 66.2 MPH)
|
| Bottom of the 2nd over - 1 run, 1 hit, 0 errors, 0 left on base; Lehigh Valley 0 - Albuquerque 1 |
| TOP OF THE 3RD |
|
Lehigh Valley IronPigs batting - Pitching for Albuquerque Isotopes : RHP Paulo Guincho
|
|
Batting: RHB Kyle Reilly
|
0-0: Called Strike 0-1: Fly out, F6 (Popup, 6M, EV 79.4 MPH)
|
|
Batting: LHB Theodore Conboy
|
0-0: Ball 1-0: SINGLE (Line Drive, 8LS, EV 95.6 MPH)
|
|
Batting: RHB Alberto Ramirez
|
0-0: Called Strike 0-1: Ball 1-1: Ball Theodore Conboy steals 2nd base 2-1: SINGLE (Line Drive, 9LM, EV 103.1 MPH) Theodore Conboy to third Runner from 3rd tries for Home, SAFE, throw by RF to home
|
|
Batting: RHB Carlos Morejon
|
0-0: Called Strike 0-1: Called Strike 0-2: Strikes out looking
|
|
Batting: LHB Josh George
|
0-0: Called Strike Alberto Ramirez steals 2nd base (no throw) 0-1: Swinging Strike 0-2: Foul Ball, location: 2F 0-2: Strikes out swinging
|
| Top of the 3rd over - 1 run, 2 hits, 0 errors, 1 left on base; Lehigh Valley 1 - Albuquerque 1 |
| BOTTOM OF THE 3RD |
|
Albuquerque Isotopes batting - Pitching for Lehigh Valley IronPigs : RHP Georgs Felitti
|
|
Batting: RHB Logan Morgan
|
0-0: Called Strike 0-1: Foul Ball, location: 2F 0-2: Strikes out looking
|
|
Batting: LHB Alfredo de la Cruz
|
0-0: Ball 1-0: Swinging Strike 1-1: Ball 2-1: Ball 3-1: DOUBLE (Flyball, 78XD, EV 108.8 MPH)
|
|
Batting: RHB Eddie McCoy
|
0-0: Ball 1-0: Foul Ball, location: 2F 1-1: Foul Ball, location: 2F 1-2: Ball 2-2: SINGLE (Groundball, 4MD, EV 111.2 MPH) Alfredo de la Cruz to third Runner from 3rd tries for Home, SAFE, throw by CF to home Eddie McCoy to second
|
|
Batting: RHB Adrian Rudkilde
|
0-0: Foul Ball, location: 2F 0-1: Ground out 6-3 (Groundball, 6S, EV 65.6 MPH) Eddie McCoy to third
|
|
Batting: RHB Chris King
|
0-0: Ball 1-0: Ball 2-0: Ball 3-0: Base on Balls
|
|
Batting: LHB Gabe Harvey
|
0-0: Ball 1-0: Ball 2-0: Ball 3-0: Called Strike 3-1: Base on Balls Chris King to second
|
|
Batting: LHB Chad Persaud
|
0-0: Ground out 4-3 (Groundball, 4, EV 86.2 MPH)
|
| Bottom of the 3rd over - 1 run, 2 hits, 0 errors, 3 left on base; Lehigh Valley 1 - Albuquerque 2 |
| TOP OF THE 4TH |
|
Lehigh Valley IronPigs batting - Pitching for Albuquerque Isotopes : RHP Paulo Guincho
|
|
Batting: RHB Victor Arroyo
|
0-0: Swinging Strike 0-1: Called Strike 0-2: Ball 1-2: Strikes out looking
|
|
Batting: RHB Mark Schultz
|
0-0: Fly out, F9 (Flyball, 9D, EV 103.1 MPH)
|
|
Batting: SHB Benjamin Brown
|
0-0: Called Strike 0-1: Ball 1-1: Foul Ball, location: 2F 1-2: Foul Ball, location: 2F 1-2: Strikes out looking
|
| Top of the 4th over - 0 runs, 0 hits, 0 errors, 0 left on base; Lehigh Valley 1 - Albuquerque 2 |
| BOTTOM OF THE 4TH |
|
Albuquerque Isotopes batting - Pitching for Lehigh Valley IronPigs : RHP Georgs Felitti
|
|
Batting: LHB Adam Hill
|
0-0: Called Strike 0-1: Fly out, F8 (Flyball, 8LD, EV 101.9 MPH)
|
|
Batting: RHB Ben Taylor
|
0-0: Ball 1-0: Swinging Strike 1-1: Ball 2-1: Ball 3-1: Base on Balls
|
|
Batting: RHB Logan Morgan
|
0-0: SINGLE (Groundball, 56D, EV 103.8 MPH) Ben Taylor to second
|
|
Batting: LHB Alfredo de la Cruz
|
0-0: Ball 1-0: Ball 2-0: Ball 3-0: Called Strike 3-1: Base on Balls Ben Taylor to third Logan Morgan to second
|
|
Batting: RHB Eddie McCoy
|
0-0: Ball 1-0: Swinging Strike 1-1: Foul Ball, location: 2F 1-2: Strikes out swinging
|
|
Batting: RHB Adrian Rudkilde
|
0-0: Called Strike 0-1: Swinging Strike 0-2: Foul Ball, location: 2F 0-2: Ball 1-2: Foul Ball, location: 2F 1-2: Fly out, F9 (Flyball, 89S, EV 98.1 MPH)
|
| Bottom of the 4th over - 0 runs, 1 hit, 0 errors, 3 left on base; Lehigh Valley 1 - Albuquerque 2 |
| TOP OF THE 5TH |
|
Lehigh Valley IronPigs batting - Pitching for Albuquerque Isotopes : RHP Paulo Guincho
|
|
Batting: SHB Marco de Leon
|
0-0: Foul Ball, location: 2F 0-1: Ball 1-1: Ground out U3 (Groundball, 34, EV 88.1 MPH)
|
|
Batting: RHB Kyle Reilly
|
0-0: Ball 1-0: Ball 2-0: Ball 3-0: Swinging Strike 3-1: Base on Balls
|
|
Batting: LHB Theodore Conboy
|
0-0: Swinging Strike 0-1: Swinging Strike 0-2: Ball 1-2: Fielders Choice at 2nd, 3-6 (Groundball, 3, EV 102.5 MPH)
|
|
Batting: RHB Alberto Ramirez
|
0-0: Ball 1-0: Ball 2-0: Foul Ball, location: 2F 2-1: SINGLE (Groundball, 5S, EV 61.2 MPH) (infield hit) Theodore Conboy to second
|
|
Batting: RHB Carlos Morejon
|
0-0: Fly out, F5 (Popup, 5, EV 68.8 MPH)
|
| Top of the 5th over - 0 runs, 1 hit, 0 errors, 2 left on base; Lehigh Valley 1 - Albuquerque 2 |
| BOTTOM OF THE 5TH |
|
Albuquerque Isotopes batting - Pitching for Lehigh Valley IronPigs : RHP Georgs Felitti
|
|
Batting: RHB Chris King
|
0-0: Ball 1-0: Swinging Strike 1-1: Ground out 6-3 (Groundball, 56, EV 103.8 MPH)
|
|
Batting: LHB Gabe Harvey
|
0-0: Ball 1-0: Swinging Strike 1-1: Ball 2-1: Ball 3-1: Called Strike 3-2: Base on Balls
|
|
Batting: LHB Chad Persaud
|
0-0: Ball 1-0: Called Strike 1-1: Ball 2-1: Foul Ball, location: 2F 2-2: Fly out, F3 (Line Drive, 3L, EV 67.5 MPH)
|
|
Pitching: RHP Yuichi Nozawa
|
|
|
Batting: LHB Adam Hill
|
0-0: Swinging Strike 0-1: Swinging Strike 0-2: Ball 1-2: Ball 2-2: Ball 3-2: Ground out 6-3 (Groundball, 6, EV 89.4 MPH)
|
| Bottom of the 5th over - 0 runs, 0 hits, 0 errors, 1 left on base; Lehigh Valley 1 - Albuquerque 2 |
| TOP OF THE 6TH |
|
Lehigh Valley IronPigs batting - Pitching for Albuquerque Isotopes : RHP Paulo Guincho
|
|
Batting: LHB Josh George
|
0-0: Ground out 4-3 (Groundball, 4M, EV 78.1 MPH)
|
|
Batting: RHB Victor Arroyo
|
0-0: Called Strike 0-1: Fly out, F7 (Flyball, 7LM, EV 82.5 MPH)
|
|
Batting: RHB Mark Schultz
|
0-0: Fly out, F7 (Flyball, 7, EV 90.6 MPH)
|
| Top of the 6th over - 0 runs, 0 hits, 0 errors, 0 left on base; Lehigh Valley 1 - Albuquerque 2 |
| BOTTOM OF THE 6TH |
|
Albuquerque Isotopes batting - Pitching for Lehigh Valley IronPigs : RHP Yuichi Nozawa
|
|
Batting: RHB Ben Taylor
|
0-0: Ball 1-0: Called Strike 1-1: Foul Ball, location: 2F 1-2: Ball 2-2: Foul Ball, location: 2F 2-2: Foul Ball, location: 2F 2-2: Strikes out swinging
|
|
Batting: RHB Logan Morgan
|
0-0: Fly out, F4 (Popup, 4MD, EV 60.6 MPH)
|
|
Batting: LHB Alfredo de la Cruz
|
0-0: Ball 1-0: Ball 2-0: Called Strike 2-1: Foul Ball, location: 2F 2-2: Foul Ball, location: 2F 2-2: Strikes out swinging
|
| Bottom of the 6th over - 0 runs, 0 hits, 0 errors, 0 left on base; Lehigh Valley 1 - Albuquerque 2 |
| TOP OF THE 7TH |
|
Lehigh Valley IronPigs batting - Pitching for Albuquerque Isotopes : RHP Paulo Guincho
|
|
Batting: SHB Benjamin Brown
|
0-0: Called Strike 0-1: Ground out U3 (Groundball, 3, EV 86.9 MPH)
|
|
Batting: SHB Marco de Leon
|
0-0: Called Strike 0-1: Foul Ball, location: 2F 0-2: Ground out 1-3 (Groundball, 13S, EV 64.4 MPH)
|
|
Batting: RHB Kyle Reilly
|
0-0: Called Strike 0-1: Ground out 6-3 (Groundball, 6, EV 103.1 MPH)
|
| Top of the 7th over - 0 runs, 0 hits, 0 errors, 0 left on base; Lehigh Valley 1 - Albuquerque 2 |
| BOTTOM OF THE 7TH |
|
Albuquerque Isotopes batting - Pitching for Lehigh Valley IronPigs : RHP Yuichi Nozawa
|
|
Pitching: LHP Ignacio Amaya
|
|
|
Batting: RHB Eddie McCoy
|
0-0: Ball 1-0: Ball 2-0: Ball 3-0: Base on Balls
|
|
Batting: RHB Adrian Rudkilde
|
0-0: Called Strike 0-1: Called Strike 0-2: Ball 1-2: Foul Ball, location: 2F 1-2: Ball 2-2: Ball 3-2: Fielders Choice at 2nd, 6-4 (Groundball, 6, EV 102.5 MPH)
|
|
Batting: RHB Chris King
|
0-0: Called Strike 0-1: Ball Adrian Rudkilde is caught stealing 2nd base 2-4 1-1: Ball 2-1: Ball 3-1: SOLO HOME RUN (Flyball, 9LD, EV 95.0 MPH), Distance : 344 ft
|
|
Batting: LHB Gabe Harvey
|
0-0: Ball 1-0: Called Strike 1-1: Ground out 6-3 (Groundball, 6, EV 105.6 MPH)
|
| Bottom of the 7th over - 1 run, 1 hit, 0 errors, 0 left on base; Lehigh Valley 1 - Albuquerque 3 |
| TOP OF THE 8TH |
|
Lehigh Valley IronPigs batting - Pitching for Albuquerque Isotopes : RHP Paulo Guincho
|
|
Batting: LHB Theodore Conboy
|
0-0: Called Strike 0-1: Foul Ball, location: 2F 0-2: Ball 1-2: Foul Ball, location: 2F 1-2: Ground out 5-3 (Groundball, 56S, EV 63.8 MPH)
|
|
Pitching: RHP Josh Kenyon
|
|
|
Batting: RHB Alberto Ramirez
|
0-0: Ball 1-0: Swinging Strike 1-1: Foul Ball, location: 2F 1-2: Foul Ball, location: 2F 1-2: Ball 2-2: Foul Ball, location: 2F 2-2: Foul Ball, location: 2F 2-2: Ball 3-2: SINGLE (Groundball, 6S, EV 60.0 MPH) (infield hit)
|
|
Batting: RHB Carlos Morejon
|
0-0: Swinging Strike 0-1: Called Strike 0-2: Strikes out swinging
|
|
Batting: LHB Josh George
|
0-0: Ball 1-0: Ball 2-0: Called Strike 2-1: Foul Ball, location: 2F 2-2: DOUBLE (Flyball, 9D, EV 103.1 MPH) Alberto Ramirez to third Runner from 3rd tries for Home, SAFE, throw by RF to trailing runner, SAFE at third!
|
|
Batting: RHB Victor Arroyo
|
0-0: Ball 1-0: Swinging Strike 1-1: Foul Ball, location: 2F 1-2: Ball 2-2: SINGLE (Flyball, 5D, EV 92.5 MPH) Josh George scores
|
|
Batting: RHB Mark Schultz
|
0-0: Swinging Strike 0-1: Ball 1-1: Ball 2-1: Called Strike 2-2: Strikes out looking
|
| Top of the 8th over - 2 runs, 3 hits, 0 errors, 1 left on base; Lehigh Valley 3 - Albuquerque 3 |
| BOTTOM OF THE 8TH |
|
Albuquerque Isotopes batting - Pitching for Lehigh Valley IronPigs : LHP Ignacio Amaya
|
|
Pitching: RHP Dustin Greaves
|
|
|
Batting: LHB Chad Persaud
|
0-0: Ball 1-0: Ball 2-0: Fly out, F3 (Line Drive, 34, EV 65.0 MPH)
|
|
Batting: LHB Adam Hill
|
0-0: Ball 1-0: Ball 2-0: DOUBLE (Line Drive, 7LS, EV 97.5 MPH)
|
|
Batting: RHB Ben Taylor
|
0-0: Ball 1-0: Ball Wild Pitch! Adam Hill to third 2-0: Fly out, F9 (Flyball, 9, EV 84.4 MPH)
|
|
Pinch Hitting: SHB Jamel Wright
|
0-0: Called Strike 0-1: Called Strike 0-2: Ball 1-2: Strikes out looking
|
| Bottom of the 8th over - 0 runs, 1 hit, 0 errors, 1 left on base; Lehigh Valley 3 - Albuquerque 3 |
| TOP OF THE 9TH |
|
Lehigh Valley IronPigs batting - Pitching for Albuquerque Isotopes : RHP Josh Kenyon
|
|
Pitching: RHP Humberto Gutierrez
|
|
|
Now at 2B: Herb McIntyre
|
|
|
Batting: SHB Benjamin Brown
|
0-0: Ball 1-0: Called Strike 1-1: Foul Ball, location: 2F 1-2: Ball 2-2: Ball 3-2: Base on Balls
|
|
Batting: SHB Marco de Leon
|
0-0: Ball 1-0: Foul Ball, location: 2F 1-1: Ball 2-1: SINGLE (Groundball, 4MS, EV 77.5 MPH) (infield hit) Benjamin Brown to second
|
|
Batting: LHB Jose Carlos
|
0-0: Ball Benjamin Brown steals 3rd base 1-0: Ball 2-0: Called Strike 2-1: Ball 3-1: Called Strike 3-2: Foul Ball, location: 2F 3-2: Base on Balls Marco de Leon to second
|
|
Batting: LHB Theodore Conboy
|
0-0: Ball 1-0: Foul Ball, location: 2F 1-1: Ball 2-1: Ball 3-1: Base on Balls Benjamin Brown scores Marco de Leon to third Jose Carlos to second
|
|
Batting: RHB Alberto Ramirez
|
0-0: Ball 1-0: Ball 2-0: Ball 3-0: Called Strike 3-1: SINGLE (Groundball, 6MD, EV 108.8 MPH) Marco de Leon scores Jose Carlos to third Theodore Conboy to second
|
|
Batting: RHB Carlos Morejon
|
0-0: Ball 1-0: Swinging Strike 1-1: Called Strike 1-2: GRAND SLAM HOME RUN (Flyball, 7D, EV 101.9 MPH), Distance : 377 ft
|
|
Pitching: RHP Curtis Gumbs
|
|
|
Batting: LHB Josh George
|
0-0: Ball 1-0: Ball 2-0: SOLO HOME RUN (Flyball, 89XD, EV 111.2 MPH), Distance : 419 ft
|
|
Batting: RHB Victor Arroyo
|
0-0: Ball 1-0: SINGLE (Line Drive, 89S, EV 93.8 MPH)
|
|
Batting: RHB Mark Schultz
|
0-0: Ball 1-0: Called Strike 1-1: Ball 2-1: Foul Ball, location: 2F 2-2: Ball 3-2: SINGLE (Groundball, 56S, EV 65.0 MPH) (infield hit) Victor Arroyo to second
|
|
Batting: SHB Benjamin Brown
|
0-0: Ball 1-0: Ball 2-0: Swinging Strike 2-1: Grounds into double play, 6-4-3 (Groundball, 6M, EV 83.8 MPH) Victor Arroyo to third
|
|
Batting: SHB Marco de Leon
|
0-0: Ball 1-0: Foul Ball, location: 2F 1-1: Ball 2-1: Swinging Strike 2-2: Ball 3-2: Base on Balls
|
|
Batting: LHB Jose Carlos
|
0-0: Ground out 4-3 (Groundball, 34, EV 98.1 MPH)
|
| Top of the 9th over - 7 runs, 6 hits, 0 errors, 2 left on base; Lehigh Valley 10 - Albuquerque 3 |
| BOTTOM OF THE 9TH |
|
Albuquerque Isotopes batting - Pitching for Lehigh Valley IronPigs : RHP Dustin Greaves
|
|
Batting: LHB Alfredo de la Cruz
|
0-0: Ball 1-0: Ball 2-0: Called Strike 2-1: SINGLE (Groundball, 34D, EV 111.2 MPH)
|
|
Batting: RHB Eddie McCoy
|
0-0: Reached on error, E6 (Groundball, 6S, EV 83.1 MPH) Alfredo de la Cruz to second
|
|
Batting: RHB Adrian Rudkilde
|
0-0: Ball 1-0: Ball 2-0: Ball 3-0: Base on Balls Alfredo de la Cruz to third Eddie McCoy to second
|
|
Pinch Hitting: RHB Vinny Estrada
|
0-0: Ball 1-0: Fielders Choice at 2nd, 4-6 (Groundball, 4, EV 83.8 MPH) Alfredo de la Cruz scores Eddie McCoy to third
|
|
Batting: LHB Gabe Harvey
|
0-0: Ball 1-0: Foul Ball, location: 2F 1-1: Ball 2-1: SINGLE (Groundball, 6MD, EV 106.2 MPH) Eddie McCoy scores Vinny Estrada to second
|
|
Pitching: RHP Andy Burchfield
|
|
|
Batting: LHB Chad Persaud
|
0-0: Ball 1-0: Foul Ball, location: 2F 1-1: Foul Ball, location: 2F 1-2: Strikes out looking
|
|
Batting: LHB Adam Hill
|
0-0: Ball 1-0: Foul Ball, location: 2F 1-1: SINGLE (Groundball, P, EV 87.5 MPH) (infield hit) Vinny Estrada to third Gabe Harvey to second
|
|
Batting: RHB Ben Taylor
|
0-0: Ball 1-0: Ball 2-0: Ball 3-0: Base on Balls Vinny Estrada scores Gabe Harvey to third Adam Hill to second
|
|
Batting: RHB Herb McIntyre
|
0-0: SINGLE (Line Drive, 56, EV 99.4 MPH) Gabe Harvey scores Adam Hill to third Ben Taylor to second
|
|
Batting: LHB Alfredo de la Cruz
|
0-0: Ball 1-0: Ball 2-0: Swinging Strike 2-1: GRAND SLAM HOME RUN (Flyball, 9D, EV 100.0 MPH), Distance : 402 ft
|
| Bottom of the 9th over - 8 runs, 5 hits, 1 error, 0 left on base; Lehigh Valley 10 - Albuquerque 11 |
|